 Dungeon Crawl Stone Soup version 0.25.1-2-g60ff931df9 (webtiles) character file.

Game seed: 3431703703588748820

126 HawFromDerth the Slasher (level 4, -2/61 HPs)
             Began as a Minotaur Berserker on Sept 17, 2020.
             Was a Believer of Trog.
             Killed from afar by an orc wizard (7 damage)
             ... with a magic dart
             ... on level 3 of the Dungeon.
             The game lasted 00:04:47 (2135 turns).

HawFromDerth the Slasher (Minotaur Berserker)       Turns: 2135, Time: 00:04:47

Health: -2/61      AC:  2    Str: 20 (23) XL:     4   Next: 83%
Magic:  3/3        EV: 12    Int:  3 (4)  God:    Trog [**....]
Gold:   180        SH:  0    Dex:  8 (9)  Spells: 3/3 levels left

rFire    . . .     SeeInvis .   a - +1 falchion
rCold    . . .     Gourm    .   (no shield)
rNeg     . . .     Faith    .   b - +0 animal skin
rPois    .         Spirit   .   (helmet restricted)
rElec    .         Reflect  .   (no cloak)
rCorr    .         Harm     .   (no gloves)
MR       .....                  (no boots)
Stlth    ..........             (no amulet)
HPRegen  0.20/turn              (no ring)
MPRegen  0.08/turn              (no ring)

@: confused, berserking (expiring), very quick
A: retaliatory headbutt, horns 2
a: Berserk, Trog's Hand, Renounce Religion


You were on level 3 of the Dungeon.
You worshipped Trog.
Trog was pleased with you.
You were hungry.

You visited 1 branch of the dungeon, and saw 3 of its levels.

You collected 180 gold pieces.

Inventory:

Hand Weapons
 a - a +1 falchion (weapon)
Armour
 b - a +0 animal skin (worn)
Wands
 d - a wand of iceblast (9)
Scrolls
 h - a scroll of identify
 i - 2 scrolls of teleportation
 p - 3 scrolls of remove curse
Potions
 e - a potion of haste
Comestibles
 c - 6 rations
 f - 7 chunks of flesh


   Skills:
 + Level 4.9 Fighting
 + Level 5.3 Long Blades
 + Level 2.6 Armour
 + Level 2.9 Dodging


You had 3 spell levels left.
You didn't know any spells.
Your spell library was empty.

Dungeon Overview and Level Annotations

Branches:
Dungeon (3/15)

Altars:
Trog
Uskayaw


Innate Abilities, Weirdness & Mutations

You reflexively headbutt those who attack you in melee.
You have a pair of horns on your head.


Message History

* * * LOW HITPOINT WARNING * * *
You are too berserk!
You closely miss something. Your headbutt misses something.
Something hits you but does no damage.
You miss something. Your headbutt misses something. Something hits you.
* * * LOW HITPOINT WARNING * * *
You closely miss something. You closely miss something.
Your headbutt misses something. Something hits you.
* * * LOW HITPOINT WARNING * * *
You barely miss something. Something hits you.
* * * LOW HITPOINT WARNING * * *
You barely miss something. Your headbutt misses something.
You closely miss something. Your headbutt misses something.
You hear some strange, mumbled words.
You are confused.
You bump into the rock wall.
You hear some strange, mumbled words.
A magic dart appears from out of thin air!
The magic dart hits you!
You die...

#...####.÷.......####....###.#
.......'.).......'...........#
#...####.........####..).#####
##.## ##.......## ##.#...#
.### ##.....## ##....# .#
##...## ##...# .# ##+## ##.##
.# ##.####### #.# .#
#.....@{g# #.# #..#####w# #.#
##...####.######.#
............÷...# #
###...#.##....##### #.
##o..###....##.##
...#.....#......#..#
#.......o.......#.#
#....?g.÷..#...#


You could see a dart slug and a hobgoblin.

Vanquished Creatures
  A worker ant (D:3)
  A gnoll (D:1)
  2 adders (D:2)
  2 worms (D:2)
  A dart slug (D:2)
  4 leopard geckos
  3 orcs (D:3)
  10 bats
  A giant cockroach (D:1)
  9 goblins
  4 hobgoblins
  4 frilled lizards (D:2)
  12 kobolds
  8 rats
62 creatures vanquished.

Notes
Turn   | Place    | Note
-------+----------+-------------------------------------------
     0 | D:1      | HawFromDerth the Minotaur Berserker began the quest for the
                  | Orb.
     0 | D:1      | Reached XP level 1. HP: 19/19 MP: 0/0
    98 | D:1      | Reached XP level 2. HP: 18/27 MP: 1/1
   205 | D:1      | Reached skill level 4 in Long Blades
   445 | D:1      | Reached XP level 3. HP: 33/33 MP: 2/2
   624 | D:1      | Reached ** piety under Trog
  1190 | D:2      | Found a bloodstained altar of Trog.
  1203 | D:2      | Noticed a +0 hand axe
  1207 | D:2      | Noticed a +0 hand axe
  1331 | D:2      | Found a hide-covered altar of Uskayaw.
  1376 | D:2      | Reached XP level 4. HP: 27/41 MP: 3/3
  1977 | D:3      | Reached skill level 5 in Long Blades
  2135 | D:3      | Killed from afar by an orc wizard

Illustrated notes

Levels and vault maps discovered:
D:1:      nzn_arrival_depleted_hourglass, layout_loops_ring,
          corexii_item_surrounded_by_moat
D:2:      layout_rooms, dancing_weapons_uskayaw, trog_three_pillars_becter
D:3:      layout_loops_corners, overflow_temple_1_default, first_ration,
          kennysheep_decorative_pillar

Skill      XL: |  1  2  3  4 |
---------------+-------------+-----
Long Blades    | 4 5 |  5.3
Fighting       | 4 |  4.9
Armour         | |  2.6
Dodging        | |  2.9

Action                   |  1- 3 |  4- 6 || total
-------------------------+-------+-------++-------
Melee: Falchion          |    72 |    48 ||   120
       Headbutt          |     7 |     7 ||    14
Invok: Berserk           |       |     1 ||     1
  Use: Scroll            |       |     7 ||     7
       Potion            |       |     5 ||     5
  Eat: Chunk             |     1 |     3 ||     4
Armor: Animal skin       |    17 |     5 ||    22
Dodge: Dodged            |    70 |    25 ||    95
       Rpst.: Falchion   |    18 |     6 ||    24
